 Dungeon Crawl Stone Soup version 0.29-a0-322-g68df515428 (webtiles) character file.

Game seed: 7319662412163933241

134 zishaf the Sneak (level 5, 0/28 HPs)
             Began as a Vine Stalker Brigand on Apr 5, 2022.
             Slain by a gnoll
             ... wielding a +0 spear
              (5 damage)
             ... on level 4 of the Dungeon.
             The game lasted 00:04:47 (2344 turns).

zishaf the Sneak (Vine Stalker Brigand)             Turns: 2344, Time: 00:04:48

Health: 0/28       AC:  4    Str: 16    XL:     5   Next: 17%
Magic:  0/6        EV:  7    Int: 11    God:
Gold:   27         SH: 11    Dex: 15    Spells: 4/4 levels left

rFire   . . .      SeeInvis .   a - +2 short sword (speed)
rCold   . . .      Faith    .   y - +0 tower shield
rNeg    . . .      Spirit   +   z - +0 robe
rPois   +          Reflect  .   A - +0 helmet
rElec   .          Harm     .   c - +0 cloak
rCorr   .          Rampage  .   (no gloves)
Will    .....                   (no boots)
Stlth   +++.......              (no amulet)
HPRegen 0.89/turn               D - ring of poison resistance
MPRegen 0.10/turn               (no ring)

@: no status effects
A: fangs 2, regeneration 1, magic shield, antimagic bite, no potion heal 2
a: no special abilities


You were on level 4 of the Dungeon.
You visited 1 branch of the dungeon, and saw 4 of its levels.

You collected 76 gold pieces.
You spent 49 gold pieces at shops.

Inventory:

Hand Weapons
 a - a +2 short sword of speed (weapon)
 b - a +0 hunting sling
 o - a +2 dagger
Missiles
 d - 7 poisoned darts (quivered)
 e - 3 curare-tipped darts
 x - a throwing net
Armour
 c - a +0 cloak (worn)
 l - an orb of wrath
 y - a +0 tower shield (worn)
 z - a +0 robe (worn)
 A - a +0 helmet (worn)
Jewellery
 D - a ring of poison resistance (left hand)
Scrolls
 j - a scroll of enchant armour {unknown}
 k - 3 scrolls of teleportation {unknown}
 q - a scroll of noise {unknown}
 r - 3 scrolls of identify {unknown}
 s - a scroll of amnesia {unknown}
 v - a scroll of magic mapping {unknown}
 w - a scroll of vulnerability {unknown}
 B - a scroll of immolation {unknown}
Potions
 f - a potion of experience {unknown}
 g - a potion of ambrosia {unknown}
 h - a potion of haste {unknown}
 i - a potion of might {unknown}
 m - a potion of berserk rage {unknown}
 n - a potion of flight {unknown}
 p - 3 potions of degeneration {unknown}
 t - a potion of brilliance {unknown}
 u - a potion of curing {unknown}
 C - a potion of mutation {unknown}


   Skills:
 + Level 2.9 Fighting
 + Level 3.0 Short Blades
 - Level 1.7 Throwing
 - Level 1.0 Dodging
 + Level 5.9 Stealth
 + Level 0.6 Shields


You had 4 spell levels left.
You didn't know any spells.
Your spell library was empty.

Dungeon Overview and Level Annotations

Branches:
Dungeon (4/15)
 Temple: D:4-7

Altars:
Fedhas

Shops:
D:1 ([((


Innate Abilities, Weirdness & Mutations

You have extremely sharp teeth.
Your natural rate of healing is unusually fast.
When hurt, damage is shared between your health and your magic reserves.
Your bite disrupts and absorbs the magic of your enemies.
Potions cannot restore your health.


Message History

You throw a poisoned dart.
The poisoned dart barely misses the gnoll.
Throw: 8 darts (poison)
Press: ? - help, Q - select action, (/) - cycle Shift-Dir - straight line, f/p - gnoll
Aim: a gnoll, wielding a +0 flail (63% to hit)
You throw a poisoned dart. The poisoned dart hits the gnoll.
The gnoll completely misses you.
You barely miss the gnoll. The gnoll hits you with a +0 flail!
You hit the gnoll. You bite the gnoll, but do no damage.
The gnoll is lightly wounded.
The gnoll closely misses you. The gnoll hits you but does no damage.
You hit the gnoll. Your bite misses the gnoll.
The gnoll is moderately wounded.
The gnoll completely misses you. The gnoll hits you with a +0 flail.
You hit the gnoll. You bite the gnoll. You drain its power.
You feel invigorated.
The gnoll is severely wounded.
The gnoll hits you from afar with a +0 spear.
The gnoll hits you with a +0 flail. You block the gnoll's attack.
You are too injured to fight recklessly!
You are too injured to fight recklessly!
You are too injured to fight recklessly!
You are too injured to fight recklessly!
You barely miss the gnoll.
The gnoll is severely wounded.
The gnoll hits you with a +0 flail.
The gnoll hits you from afar with a +0 spear.
* * * LOW HITPOINT WARNING * * *
The gnoll hits you but does no damage.
You hit the gnoll.
The gnoll is severely wounded.
You block the gnoll's attack.
The gnoll hits you from afar with a +0 spear.
* * * LOW HITPOINT WARNING * * *
You hit the gnoll. You bite the gnoll.
You kill the gnoll!
The gnoll hits you from afar with a +0 spear.
* * * LOW HITPOINT WARNING * * *
The gnoll hits you from afar with a +0 spear.
You die...

#........#
#.<......#
#........#
##........#
#.........#
#.....#####
#...gg#
#.....########
#....)@......#
#....?.......#
#............#
##############


You could see 2 gnolls.

Vanquished Creatures
  6 adders
  2 gnolls
  A dart slug (D:2)
  2 worms (D:2)
  4 endoplasms
  2 giant cockroaches
  9 goblins
  9 hobgoblins
  6 jackals
  4 ball pythons
  3 bats
  2 frilled lizards (D:1)
  4 kobolds (D:2)
  4 rats
58 creatures vanquished.

Vanquished Creatures (others)
  6 plants
6 creatures vanquished.

Grand Total: 64 creatures vanquished

Notes
Turn   | Place    | Note
-------+----------+-------------------------------------------
     0 | D:1      | zishaf the Vine Stalker Brigand began the quest for the
                  | Orb.
     0 | D:1      | Reached XP level 1. HP: 11/11 MP: 2/2
    75 | D:1      | Found Ifum's Antique Weapon Boutique.
   125 | D:1      | Reached skill level 1 in Dodging
   128 | D:1      | Reached skill level 5 in Stealth
   128 | D:1      | Reached XP level 2. HP: 12/15 MP: 3/3
   487 | D:1      | Found Ocisk's Armour Emporium.
   635 | D:1      | Found Udghuwoys's Antique Weapon Boutique.
   651 | D:1      | Found Noosop's Antique Weapon Shop.
   825 | D:1      | Found a faded altar of an unknown god.
   977 | D:1      | Found a blossoming altar of Fedhas.
  1236 | D:2      | Reached XP level 3. HP: 19/19 MP: 2/4
  1372 | D:2      | Gained mutation: Your natural rate of healing is unusually
                  | fast. [Vine Stalker growth]
  1372 | D:2      | Reached XP level 4. HP: 19/23 MP: 3/5
  1670 | D:1      | Bought a +0 tower shield for 49 gold pieces
  2121 | D:3      | Reached XP level 5. HP: 27/28 MP: 6/6
  2344 | D:4      | Slain by a gnoll

Illustrated notes

Levels and vault maps discovered:
D:1:      dpeg_arrival_water_altar, layout_rooms,
          shapermc_ecumenical_altar_mp_vishouse, serial_shops, shop,
          nicolae_shop_behind_doors, nicolae_shop_advertising_works
          [nicolae_subvault_shop_adworks], shop
D:2:      layout_basic, chequers_big_river, grunt_ministairs_10,
          minmay_hexomino_u4
D:3:      minmay_chambers_of_threes, layout_rooms, minmay_cupped
D:4:      layout_basic, mainiacjoe_overflow_24_doors,
          nicolae_ossuary_entry_false_entrances, nicolae_grassy_gnolls

Skill      XL: |  1  2  3  4  5 |
---------------+----------------+-----
Dodging        | 1 |  1.0
Fighting       | 2 |  2.9
Short Blades   | 2 3 |  3.0
Stealth        | 5 |  5.9
Throwing       | |  1.7
Shields        | |  0.6

Action                   |  1- 3 |  4- 6 || total
-------------------------+-------+-------++-------
Melee: Dagger            |    50 |       ||    50
       Bite              |    11 |    25 ||    36
       Short sword       |    27 |   100 ||   127
Throw: Dart              |       |     2 ||     2
 Stab: Sleeping          |     7 |     2 ||     9
       Distracted        |     1 |       ||     1
Armor: Robe              |    18 |    11 ||    29
Dodge: Dodged            |    33 |    33 ||    66
Block: Tower shield      |       |    34 ||    34

Table legend: (Time is in decaauts)
 A = Elapsed time spent in this place.
 B = Non-inter-level travel time spent in this place.
 C = Inter-level travel time spent in this place.
 D = Time resting spent in this place.
 E = Time spent auto-exploring this place.
 F = Levels seen in this place.
 G = Mean time per level.
                   A        B        C        D        E       F      G
               +--------+--------+--------+--------+--------+-----+--------+
         Total |   2410 |   2310 |    100 |    239 |   1584 |   4 |  602.5 |
       Dungeon |   2410 |   2310 |    100 |    239 |   1584 |   4 |  602.5 |
               +--------+--------+--------+--------+--------+-----+--------+

Top non-repeatable levels by time:
     D:2: 1080 daAuts
     D:1: 1077 daAuts
     D:3: 228 daAuts
     D:4: 23 daAuts
